Knights vs Remparts
Created - March 14, 2019 at 19:13
Goals
|
| Knights |
0 |
1 |
0 |
1 |
| Remparts |
0 |
4 |
0 |
4 |
|
Shots
|
| Knights |
3 |
24 |
13 |
40 |
| Remparts |
3 |
15 |
16 |
34 |
|
1st period
No Goal
Penalties :
Griffin Reinhart (Que) for Interference (Minor) at 0:23, Tomas Kundratek (Lon) for High sticking (Minor) at 18:33
2nd period
1. Remparts , Brandon Mashinter 20 (Nail Yakupov 15) at 0:47
2. Remparts , Guillaume Desbiens 37 (Pontus Aberg 31) at 1:53
3. Remparts , Daniel Paille 41 (Ryan Strome 37) at 8:30
4. Knights , Pavel Buchnevich 42 (Jaccob Slavin 34, Noel Acciari 70) at 11:04 (PP)
5. Remparts , Chris Mueller 22 (Erik Gustafsson 30) at 17:07
Penalties :
Cédric Lalonde-McNicoll (Que) for Hooking (Minor) at 10:54, Griffin Reinhart (Que) for Holding (Minor) at 14:41, Niklas Hansson (Que) for Slashing (Minor) at 17:58
3rd period
No Goal
Penalties :
Guillaume Desbiens (Que) for Hooking (Minor) at 14:20
Goalie Stats
Ben Scrivens (Lon), 14 saves from 18 shots - (0.778), L, 23-13-4, 37:07 minutes
Magnus Hellberg (Lon), 16 saves from 16 shots - (1.000), 22:53 minutes
Jason Missiaen (Que), 39 saves from 40 shots - (0.975), W, 24-15-2, 60:00 minutes
Players Stats for Knights
Player Name G A P +/- PIM S H SB GA TA FO MP PP MP PK MP
------------------------------------------------------------------------------------
Boone Jenner 0 0 0 0 0 0 4 1 2 0 4/4 14:08 0:07 0:16
Brandon Saad 0 0 0 0 0 0 0 0 0 0 0/0 2:24 0:07 0:00
Brendan Gaunce 0 0 0 -1 0 0 0 0 0 0 0/1 9:43 0:00 0:00
Collin Miller 0 0 0 -3 0 2 0 0 0 0 0/0 21:18 4:01 1:26
Fredrik Claesson 0 0 0 0 0 1 1 0 0 1 0/0 12:20 0:00 0:00
Jaccob Slavin 0 1 1 -1 0 3 2 2 0 1 0/0 25:56 5:22 0:43
Jonathan Huberdeau 0 0 0 -3 0 4 2 0 2 0 2/2 20:21 3:35 0:45
Jordan Martinook 0 0 0 -1 0 2 3 1 1 0 0/1 9:58 0:16 0:00
Josh Bailey 0 0 0 -1 0 5 3 0 1 0 0/0 18:35 3:35 0:25
Linden Vey 0 0 0 0 0 0 0 0 0 0 0/1 13:39 0:00 0:00
Ludwig Bystrom 0 0 0 0 0 0 1 0 0 0 0/0 15:53 0:28 0:00
Michael Raffl 0 0 0 0 0 1 0 0 1 0 1/1 21:26 4:08 1:14
Miro Aaltonen 0 0 0 -1 0 5 1 1 0 0 7/13 18:11 3:35 0:00
Nicklas Jensen 0 0 0 -1 0 1 0 0 0 0 0/0 9:58 0:07 0:00
Noel Acciari 0 1 1 -2 0 3 3 1 0 1 17/33 19:47 4:24 1:18
Pavel Buchnevich 1 0 1 -2 0 9 1 0 1 1 2/2 22:36 4:24 0:00
Tomas Kundratek 0 0 0 -1 2 0 0 1 0 0 0/0 10:52 1:14 0:00
Zach Trotman 0 0 0 -3 0 4 2 0 1 0 0/0 28:36 5:07 1:49
Players Stats for Remparts
Player Name G A P +/- PIM S H SB GA TA FO MP PP MP PK MP
------------------------------------------------------------------------------------
Brandon Gormley 0 0 0 2 0 3 1 1 0 2 0/0 27:37 1:41 4:35
Brandon Mashinter 1 0 1 1 0 3 3 0 0 0 1/4 11:58 0:00 1:21
Cédric Lalonde-McNicoll 0 0 0 1 2 2 3 1 0 1 2/12 16:39 0:54 2:11
Chris Mueller 1 0 1 1 0 2 1 0 0 0 1/1 7:42 0:00 0:00
Daniel Paille 1 0 1 1 0 10 2 2 0 0 0/0 19:09 0:54 4:42
Erik Gustafsson 0 1 1 3 0 1 0 0 0 5 0/0 25:02 1:41 3:31
Griffin Reinhart 0 0 0 1 4 0 0 1 0 0 0/0 17:44 0:18 1:04
Guillaume Desbiens 1 0 1 1 2 5 1 0 2 0 0/0 19:11 1:05 0:00
Justin Williams 0 0 0 1 0 0 0 1 1 0 0/0 7:42 0:00 0:00
Juuso Ikonen 0 0 0 1 0 0 1 0 0 0 0/0 9:14 0:00 1:13
Keaton Thompson 0 0 0 0 0 1 0 0 0 0 0/0 11:49 0:00 0:00
Max Reinhart 0 0 0 1 0 2 4 1 0 0 19/39 23:40 1:05 4:34
Michal Jordan 0 0 0 2 0 2 0 1 0 1 0/0 23:00 0:18 3:39
Nail Yakupov 0 1 1 1 0 1 1 0 1 0 0/0 10:18 0:00 0:00
Niklas Hansson 0 0 0 0 2 0 0 3 0 0 0/0 15:00 0:00 3:23
Pontus Aberg 0 1 1 1 0 0 4 2 0 0 1/1 19:06 1:05 0:00
Roberts Lipsbergs 0 0 0 1 0 1 1 0 0 0 0/0 10:18 0:00 0:00
Ryan Strome 0 1 1 1 0 1 0 1 0 0 1/1 16:40 0:54 2:11
3 Stars
1 - Jason Missiaen (Que)
2 - Brandon Mashinter (Que)
3 - Daniel Paille (Que)
Power Play
Knights - 1 on 5 Attempt(s) - 20.00%
Remparts - 0 on 1 Attempt(s) - 0.00%
Penalty Kill
Knights - 1 on 1 Attempt(s) - 100.00%
- Score 0 goal in Penalty Kill
Remparts - 4 on 5 Attempt(s) - 80.00%
- Score 0 goal in Penalty Kill
Team Stat
Knights - Hits : 23 - Faceoff Wins : 33 - Blocked Shots : 7 - Penalty Minutes : 2
Remparts - Hits : 22 - Faceoff Wins : 25 - Blocked Shots : 14 - Penalty Minutes : 10
Official
Referees : Unknown
Linesman : Unknown
Game Notes
Brandon Saad is injured at 5:31 of 1st period (Head)
Tomas Kundratek is injured at 6:24 of 2nd period (Strained Right Knee)
Magnus Hellberg enters game at 17:07 of 2nd period
Finance
Level 1 -- Attendance: 1414 (70.70%) -- Ticket Income $42,420
Level 2 -- Attendance: 698 (69.80%) -- Ticket Income $13,960
Total Attendance: 2112 (70.40%)
Total Ticket Income: $56,380
Other Income: $2,819
Total Income: $59,199
Knights
5 vs 5 Forward
Center Left Wing Right Wing Time % Phy DF OF
1 Noel Acciari Jonathan Huberdeau Pavel Buchnevich 37 1 2 2
2 Miro Aaltonen Michael Raffl Josh Bailey 29 1 2 2
3 Boone Jenner Brandon Saad Linden Vey 24 1 2 2
4 Brendan Gaunce Jordan Martinook Nicklas Jensen 10 1 2 2
5 vs 5 Defense
Defense Defense Time % Phy DF OF
1 Tomas Kundratek Jaccob Slavin 40 1 2 2
2 Zach Trotman Collin Miller 32 1 1 3
3 Fredrik Claesson Ludwig Bystrom 18 1 2 2
4 Zach Trotman Tomas Kundratek 10 1 2 2
PowerPlay Forward
Center Left Wing Right Wing Time % Phy DF OF
1 Noel Acciari Michael Raffl Pavel Buchnevich 60 1 1 3
2 Miro Aaltonen Jonathan Huberdeau Josh Bailey 40 1 1 3
PowerPlay Defense
Defense Defense Time % Phy DF OF
1 Jaccob Slavin Tomas Kundratek 60 0 1 4
2 Zach Trotman Collin Miller 40 0 1 4
Penalty Kill 4 Players Forward
Center Wing Time % Phy DF OF
1 Noel Acciari Michael Raffl 60 1 3 1
2 Josh Bailey Brandon Saad 40 1 3 1
Penalty Kill 4 Players Defense
Defense Defense Time % Phy DF OF
1 Zach Trotman Tomas Kundratek 60 1 3 1
2 Collin Miller Jaccob Slavin 40 1 3 1
Penalty Kill - 3 Players Forward
Forward Time % Phy DF OF
1 Michael Raffl 60 0 4 1
2 Noel Acciari 40 0 4 1
Penalty Kill - 3 Players Defense
Defense Defense Time % Phy DF OF
1 Zach Trotman Tomas Kundratek 60 1 3 1
2 Jaccob Slavin Collin Miller 40 1 3 1
4 vs 4 Forward
Center Wing Time % Phy DF OF
1 Miro Aaltonen Josh Bailey 60 1 2 2
2 Noel Acciari Pavel Buchnevich 40 1 2 2
4 vs 4 Defense
Defense Defense Time % Phy DF OF
1 Tomas Kundratek Zach Trotman 60 1 2 2
2 Collin Miller Jaccob Slavin 40 1 2 2
Last Minutes Offensive
Center Left Wing Right Wing Defense Defense
Noel Acciari Michael Raffl Pavel Buchnevich Tomas Kundratek Zach Trotman
Last Minutes Defensive
Center Left Wing Right Wing Defense Defense
Noel Acciari Michael Raffl Josh Bailey Tomas Kundratek Zach Trotman
Goaltenders
Starting : Ben Scrivens
Backup : Magnus Hellberg
Extra Forwards
Normal : Pavel Buchnevich, Linden Vey, Michael Raffl - PP : Josh Bailey, Michael Raffl - PK : Michael Raffl
Extra Defensemen
Normal : Tomas Kundratek, Zach Trotman, Collin Miller - PP : Zach Trotman - PK : Tomas Kundratek, Zach Trotman
Penalty Shots
Michael Raffl, Boone Jenner, Pavel Buchnevich, Noel Acciari, Linden Vey
Scratches
Zach Nastasiuk (Healthy), Cody Bass (Healthy), Alan Quine (Healthy), Michael Matheson (Broken Left Thumb Injury), David Shields (Healthy)
Matthew Benning (Healthy), Trevor Moore (Healthy), Scott Wilson (Healthy), Curtis Valk (Healthy), Anthony Louis (Healthy)
Brett Connolly (Healthy), Travis Boyd (Healthy), Nicolas Petan (Healthy), Vince Hinostroza (Healthy), Anton Blidh (Healthy)
A.J. Jenks (Healthy), Connor Knapp (Healthy), Eamon McAdam (Healthy), Philippe Desrosiers (Healthy), Ville Husso (Healthy)
Remparts
5 vs 5 Forward
Center Left Wing Right Wing Time % Phy DF OF
1 Max Reinhart Pontus Aberg Guillaume Desbiens 40 1 2 2
2 Cédric Lalonde-McNicoll Daniel Paille Ryan Strome 30 1 2 2
3 Brandon Mashinter Roberts Lipsbergs Nail Yakupov 20 1 2 2
4 Chris Mueller Juuso Ikonen Justin Williams 10 1 2 2
5 vs 5 Defense
Defense Defense Time % Phy DF OF
1 Brandon Gormley Erik Gustafsson 40 1 2 2
2 Griffin Reinhart Michal Jordan 30 1 2 2
3 Niklas Hansson Keaton Thompson 20 1 2 2
4 Brandon Gormley Michal Jordan 10 1 2 2
PowerPlay Forward
Center Left Wing Right Wing Time % Phy DF OF
1 Max Reinhart Pontus Aberg Guillaume Desbiens 60 1 2 2
2 Cédric Lalonde-McNicoll Daniel Paille Ryan Strome 40 1 2 2
PowerPlay Defense
Defense Defense Time % Phy DF OF
1 Brandon Gormley Erik Gustafsson 60 1 2 2
2 Michal Jordan Griffin Reinhart 40 1 2 2
Penalty Kill 4 Players Forward
Center Wing Time % Phy DF OF
1 Max Reinhart Daniel Paille 60 1 2 2
2 Cédric Lalonde-McNicoll Ryan Strome 40 1 2 2
Penalty Kill 4 Players Defense
Defense Defense Time % Phy DF OF
1 Brandon Gormley Niklas Hansson 60 1 2 2
2 Michal Jordan Erik Gustafsson 40 1 2 2
Penalty Kill - 3 Players Forward
Forward Time % Phy DF OF
1 Max Reinhart 60 1 2 2
2 Cédric Lalonde-McNicoll 40 1 2 2
Penalty Kill - 3 Players Defense
Defense Defense Time % Phy DF OF
1 Brandon Gormley Niklas Hansson 60 1 2 2
2 Michal Jordan Erik Gustafsson 40 1 2 2
4 vs 4 Forward
Center Wing Time % Phy DF OF
1 Max Reinhart Pontus Aberg 60 1 2 2
2 Cédric Lalonde-McNicoll Ryan Strome 40 1 2 2
4 vs 4 Defense
Defense Defense Time % Phy DF OF
1 Brandon Gormley Erik Gustafsson 60 1 2 2
2 Michal Jordan Griffin Reinhart 40 1 2 2
Last Minutes Offensive
Center Left Wing Right Wing Defense Defense
Max Reinhart Pontus Aberg Guillaume Desbiens Brandon Gormley Erik Gustafsson
Last Minutes Defensive
Center Left Wing Right Wing Defense Defense
Max Reinhart Daniel Paille Ryan Strome Brandon Gormley Niklas Hansson
Goaltenders
Starting : Jason Missiaen
Backup : Tyler Plante
Extra Forwards
Normal : Ryan Strome, Nail Yakupov, Max Reinhart - PP : Ryan Strome, Nail Yakupov - PK : Brandon Mashinter
Extra Defensemen
Normal : Griffin Reinhart, Brandon Gormley, Michal Jordan - PP : Griffin Reinhart - PK : Griffin Reinhart, Michal Jordan
Penalty Shots
Daniel Paille, Ryan Strome, Max Reinhart, Brandon Mashinter, Pontus Aberg
Scratches
Viktor Baldayev (Suspend), Michael Downing (Healthy), Kyle Platzer (Healthy), Connor Honey (Healthy), Anton Zlobin (Healthy)
Mitchell Heard (Healthy), Tim Bozon (Healthy), Igor Bobkov (Healthy), François Brassard (Healthy)
% Time on Ice - Knights
Lines # - Real PCT - Wanted PCT - Time Play
Normal Forward
1 - 25% - 37% - 12:37
2 - 29% - 29% - 14:19
3 - 29% - 24% - 14:24
4 - 17% - 10% - 8:35
Normal Defense
1 - 43% - 40% - 21:23
2 - 23% - 32% - 11:37
3 - 22% - 18% - 11:10
4 - 12% - 10% - 5:45
PP Forward
1 - 56% - 60% - 4:31
2 - 44% - 40% - 3:35
PP Defense
1 - 69% - 60% - 5:37
2 - 31% - 40% - 2:29
PK Forward
1 - 79% - 60% - 1:34
2 - 21% - 40% - 0:25
PK Defense
1 - 100% - 60% - 1:59
2 - 0% - 40% - 0:00
PK3 Forward
1 - 0% - 60%
2 - 0% - 40%
PK3 Defense
1 - 0% - 60%
2 - 0% - 40%
44 Forward
1 - 0% - 60%
2 - 0% - 40%
44 Defense
1 - 0% - 60%
2 - 0% - 40%
Last Minute Offensive - 0:00
Last Minute Defensive - 0:00
Total
Forward - 60:00
Defense - 60:00
|
% Time on Ice - Remparts
Lines # - Real PCT - Wanted PCT - Time Play
Normal Forward
1 - 37% - 40% - 18:20
2 - 27% - 30% - 13:35
3 - 21% - 20% - 10:18
4 - 15% - 10% - 7:42
Normal Defense
1 - 39% - 40% - 19:14
2 - 34% - 30% - 16:45
3 - 23% - 20% - 11:38
4 - 5% - 10% - 2:18
PP Forward
1 - 55% - 60% - 1:05
2 - 45% - 40% - 0:54
PP Defense
1 - 85% - 60% - 1:41
2 - 15% - 40% - 0:18
PK Forward
1 - 73% - 60% - 5:55
2 - 27% - 40% - 2:11
PK Defense
1 - 57% - 60% - 4:35
2 - 43% - 40% - 3:31
PK3 Forward
1 - 0% - 60%
2 - 0% - 40%
PK3 Defense
1 - 0% - 60%
2 - 0% - 40%
44 Forward
1 - 0% - 60%
2 - 0% - 40%
44 Defense
1 - 0% - 60%
2 - 0% - 40%
Last Minute Offensive - 0:00
Last Minute Defensive - 0:00
Total
Forward - 60:00
Defense - 60:00
|
Play-by-Play
1st period
0:01 of 1st period - Noel Acciari wins face-off versus Max Reinhart in neutral zone.
0:10 of 1st period - Snap shot by Guillaume Desbiens.
0:10 of 1st period - Shot Misses the Net.
0:12 of 1st period - Wrist shot by Guillaume Desbiens.
0:12 of 1st period - Stopped by Ben Scrivens without a rebound.
0:13 of 1st period - Miro Aaltonen wins face-off versus Cédric Lalonde-McNicoll in Knights zone.
0:23 of 1st period - Minor Penalty to Griffin Reinhart for Interference.
0:24 of 1st period - Noel Acciari wins face-off versus Max Reinhart in Remparts zone.
2:23 of 1st period - Penalty to Griffin Reinhart is over, Griffin Reinhart is back on ice.
3:37 of 1st period - Brandon Gormley is hit by Noel Acciari and loses puck.
3:50 of 1st period - Max Reinhart is hit by Boone Jenner and loses puck.
3:57 of 1st period - Zach Trotman is hit by Guillaume Desbiens and loses puck.
4:02 of 1st period - Wrist shot by Guillaume Desbiens.
4:02 of 1st period - Shot Misses the Net.
4:08 of 1st period - Wrist shot by Pontus Aberg.
4:08 of 1st period - Shot Misses the Net.
5:26 of 1st period - Pontus Aberg is hit by Boone Jenner.
5:30 of 1st period - Brandon Saad is hit by Max Reinhart and loses puck.
5:31 of 1st period - Brandon Saad from Knights is injured at 5:31 of 1st period (Head).
5:32 of 1st period - Cédric Lalonde-McNicoll wins face-off versus Noel Acciari in Knights zone.
5:37 of 1st period - Wrist shot by Ryan Strome.
5:37 of 1st period - Stopped by Ben Scrivens with a rebound.
6:08 of 1st period - Wrist shot by Miro Aaltonen.
6:08 of 1st period - Stopped by Jason Missiaen without a rebound.
6:09 of 1st period - Noel Acciari wins face-off versus Cédric Lalonde-McNicoll in Remparts zone.
6:10 of 1st period - Wrist shot by Jonathan Huberdeau.
6:10 of 1st period - Shot Blocked by Niklas Hansson.
6:12 of 1st period - Slapshot by Zach Trotman.
6:12 of 1st period - Shot Blocked by Daniel Paille.
7:19 of 1st period - Wrist shot by Brandon Mashinter.
7:19 of 1st period - Shot Misses the Net.
8:18 of 1st period - Snap shot by Miro Aaltonen.
8:18 of 1st period - Shot Misses the Net.
8:20 of 1st period - Snap shot by Josh Bailey.
8:20 of 1st period - Stopped by Jason Missiaen with a rebound.
8:32 of 1st period - Backhand shot by Brandon Mashinter.
8:32 of 1st period - Stopped by Ben Scrivens with a rebound.
9:24 of 1st period - Cédric Lalonde-McNicoll is hit by Jordan Martinook and loses puck.
11:57 of 1st period - Slapshot by Josh Bailey.
11:57 of 1st period - Stopped by Jason Missiaen with a rebound.
12:25 of 1st period - Tomas Kundratek is hit by Roberts Lipsbergs.
13:18 of 1st period - Brandon Gormley is hit by Zach Trotman and loses puck.
13:27 of 1st period - Wrist shot by Guillaume Desbiens.
13:27 of 1st period - Shot Misses the Net.
13:40 of 1st period - Linden Vey is hit by Max Reinhart and loses puck.
13:50 of 1st period - Off-side.
13:51 of 1st period - Miro Aaltonen wins face-off versus Cédric Lalonde-McNicoll in neutral zone.
14:07 of 1st period - Wrist shot by Daniel Paille.
14:07 of 1st period - Shot Misses the Net.
14:40 of 1st period - Miro Aaltonen is hit by Brandon Gormley and loses puck.
17:46 of 1st period - Michal Jordan is hit by Fredrik Claesson.
18:33 of 1st period - Minor Penalty to Tomas Kundratek for High sticking.
18:34 of 1st period - Max Reinhart wins face-off versus Noel Acciari in Knights zone.
19:29 of 1st period - Josh Bailey is hit by Daniel Paille and loses puck.
Goals for this period are 0 for Knights vs 0 for Remparts.
Shots for this period are 3 for Knights vs 3 for Remparts.
2nd period
0:01 of 2nd period - Noel Acciari wins face-off versus Max Reinhart in neutral zone.
0:14 of 2nd period - Wrist shot by Guillaume Desbiens.
0:14 of 2nd period - Shot Hit the Post.
0:16 of 2nd period - Snap shot by Max Reinhart.
0:16 of 2nd period - Shot Misses the Net.
0:33 of 2nd period - Penalty to Tomas Kundratek is over, Tomas Kundratek is back on ice.
0:43 of 2nd period - Off-side.
0:44 of 2nd period - Brandon Mashinter wins face-off versus Noel Acciari in neutral zone.
0:47 of 2nd period - Backhand shot by Brandon Mashinter.
0:47 of 2nd period - Goal by Brandon Mashinter - Knights : 0 - Remparts : 1.
0:48 of 2nd period - Max Reinhart wins face-off versus Noel Acciari in neutral zone.
0:55 of 2nd period - Slapshot by Jaccob Slavin.
0:55 of 2nd period - Stopped by Jason Missiaen with a rebound.
0:57 of 2nd period - Wrist shot by Jonathan Huberdeau.
0:57 of 2nd period - Stopped by Jason Missiaen with a rebound.
1:41 of 2nd period - Off-side.
1:42 of 2nd period - Max Reinhart wins face-off versus Brendan Gaunce in neutral zone.
1:53 of 2nd period - Snap shot by Guillaume Desbiens.
1:53 of 2nd period - Goal by Guillaume Desbiens - Knights : 0 - Remparts : 2.
1:54 of 2nd period - Max Reinhart wins face-off versus Noel Acciari in neutral zone.
2:06 of 2nd period - Tomas Kundratek is hit by Max Reinhart and loses puck.
2:21 of 2nd period - Jaccob Slavin is hit by Nail Yakupov and loses puck.
3:00 of 2nd period - Nicklas Jensen is hit by Juuso Ikonen and loses puck.
3:05 of 2nd period - Slapshot by Brandon Gormley.
3:05 of 2nd period - Shot Misses the Net.
3:07 of 2nd period - Snap shot by Brandon Gormley.
3:07 of 2nd period - Stopped by Ben Scrivens with a rebound.
3:09 of 2nd period - Snap shot by Erik Gustafsson.
3:09 of 2nd period - Stopped by Ben Scrivens with a rebound.
3:23 of 2nd period - Backhand shot by Michael Raffl.
3:23 of 2nd period - Stopped by Jason Missiaen without a rebound.
3:24 of 2nd period - Boone Jenner wins face-off versus Max Reinhart in Remparts zone.
3:36 of 2nd period - Slapshot by Boone Jenner.
3:36 of 2nd period - Shot Blocked by Griffin Reinhart.
3:38 of 2nd period - Slapshot by Tomas Kundratek.
3:38 of 2nd period - Deflect By Michael Raffl.
3:38 of 2nd period - Shot Misses the Net.
3:38 of 2nd period - Puck is out of play.
3:39 of 2nd period - Ryan Strome wins face-off versus Noel Acciari in Remparts zone.
3:48 of 2nd period - Slapshot by Daniel Paille.
3:48 of 2nd period - Stopped by Ben Scrivens with a rebound.
3:50 of 2nd period - Slapshot by Daniel Paille.
3:50 of 2nd period - Stopped by Ben Scrivens without a rebound.
3:51 of 2nd period - Max Reinhart wins face-off versus Noel Acciari in Knights zone.
4:05 of 2nd period - Slapshot by Noel Acciari.
4:05 of 2nd period - Shot Blocked by Max Reinhart.
4:07 of 2nd period - Snap shot by Pavel Buchnevich.
4:07 of 2nd period - Stopped by Jason Missiaen with a rebound.
4:51 of 2nd period - Icing by Brandon Mashinter.
4:52 of 2nd period - Chris Mueller wins face-off versus Jordan Martinook in Remparts zone.
5:37 of 2nd period - Off-side.
5:38 of 2nd period - Michael Raffl wins face-off versus Cédric Lalonde-McNicoll in neutral zone.
5:45 of 2nd period - Snap shot by Miro Aaltonen.
5:45 of 2nd period - Shot Misses the Net.
5:47 of 2nd period - Slapshot by Collin Miller.
5:47 of 2nd period - Stopped by Jason Missiaen without a rebound.
5:48 of 2nd period - Noel Acciari wins face-off versus Max Reinhart in Remparts zone.
5:55 of 2nd period - Jonathan Huberdeau is hit by Pontus Aberg and loses puck.
6:20 of 2nd period - Snap shot by Ryan Strome.
6:20 of 2nd period - Shot Misses the Net.
6:22 of 2nd period - Slapshot by Griffin Reinhart.
6:22 of 2nd period - Shot Misses the Net.
6:24 of 2nd period - Snap shot by Griffin Reinhart.
6:24 of 2nd period - Shot Blocked by Tomas Kundratek.
6:24 of 2nd period - Tomas Kundratek from Knights is injured at 6:24 of 2nd period (Strained Right Knee).
6:25 of 2nd period - Max Reinhart wins face-off versus Noel Acciari in Knights zone.
7:18 of 2nd period - Wrist shot by Chris Mueller.
7:18 of 2nd period - Shot Misses the Net.
7:46 of 2nd period - Snap shot by Nail Yakupov.
7:46 of 2nd period - Stopped by Ben Scrivens without a rebound.
7:47 of 2nd period - Pontus Aberg wins face-off versus Miro Aaltonen in Knights zone.
7:50 of 2nd period - Backhand shot by Brandon Gormley.
7:50 of 2nd period - Stopped by Ben Scrivens without a rebound.
7:51 of 2nd period - Max Reinhart wins face-off versus Miro Aaltonen in Knights zone.
7:54 of 2nd period - Wrist shot by Guillaume Desbiens.
7:54 of 2nd period - Stopped by Ben Scrivens with a rebound.
7:56 of 2nd period - Slapshot by Erik Gustafsson.
7:56 of 2nd period - Shot Misses the Net.
7:58 of 2nd period - Snap shot by Max Reinhart.
7:58 of 2nd period - Stopped by Ben Scrivens without a rebound.
7:59 of 2nd period - Miro Aaltonen wins face-off versus Max Reinhart in Knights zone.
7:59 of 2nd period - Miro Aaltonen is hit by Pontus Aberg.
8:30 of 2nd period - Wrist shot by Daniel Paille.
8:30 of 2nd period - Goal by Daniel Paille - Knights : 0 - Remparts : 3.
8:31 of 2nd period - Noel Acciari wins face-off versus Cédric Lalonde-McNicoll in neutral zone.
8:34 of 2nd period - Snap shot by Pavel Buchnevich.
8:34 of 2nd period - Shot Blocked by Cédric Lalonde-McNicoll.
8:42 of 2nd period - Snap shot by Daniel Paille.
8:42 of 2nd period - Stopped by Ben Scrivens with a rebound.
8:44 of 2nd period - Snap shot by Michal Jordan.
8:44 of 2nd period - Deflect By Ryan Strome.
8:44 of 2nd period - Shot Blocked by Jaccob Slavin.
8:44 of 2nd period - Puck is out of play.
8:45 of 2nd period - Noel Acciari wins face-off versus Max Reinhart in Knights zone.
8:54 of 2nd period - Slapshot by Guillaume Desbiens.
8:54 of 2nd period - Shot Blocked by Noel Acciari.
9:10 of 2nd period - Daniel Paille is hit by Josh Bailey and loses puck.
9:37 of 2nd period - Wrist shot by Jaccob Slavin.
9:37 of 2nd period - Stopped by Jason Missiaen with a rebound.
9:39 of 2nd period - Slapshot by Zach Trotman.
9:39 of 2nd period - Shot Misses the Net.
10:07 of 2nd period - Michal Jordan is hit by Jordan Martinook and loses puck.
10:42 of 2nd period - Slapshot by Linden Vey.
10:42 of 2nd period - Shot Blocked by Ryan Strome.
10:44 of 2nd period - Slapshot by Fredrik Claesson.
10:44 of 2nd period - Stopped by Jason Missiaen with a rebound.
10:46 of 2nd period - Slapshot by Ludwig Bystrom.
10:46 of 2nd period - Shot Misses the Net.
10:48 of 2nd period - Snap shot by Boone Jenner.
10:48 of 2nd period - Shot Hit the Post.
10:54 of 2nd period - Minor Penalty to Cédric Lalonde-McNicoll for Hooking.
10:55 of 2nd period - Noel Acciari wins face-off versus Max Reinhart in Remparts zone.
11:00 of 2nd period - Slapshot by Jaccob Slavin.
11:00 of 2nd period - Shot Blocked by Niklas Hansson.
11:02 of 2nd period - Wrist shot by Pavel Buchnevich.
11:02 of 2nd period - Shot Misses the Net.
11:04 of 2nd period - Wrist shot by Pavel Buchnevich.
11:04 of 2nd period - Goal by Pavel Buchnevich - Knights : 1 - Remparts : 3.
11:05 of 2nd period - Max Reinhart wins face-off versus Noel Acciari in neutral zone.
11:20 of 2nd period - Snap shot by Pavel Buchnevich.
11:20 of 2nd period - Stopped by Jason Missiaen without a rebound.
11:21 of 2nd period - Miro Aaltonen wins face-off versus Cédric Lalonde-McNicoll in Remparts zone.
11:22 of 2nd period - Wrist shot by Josh Bailey.
11:22 of 2nd period - Shot Misses the Net.
11:24 of 2nd period - Wrist shot by Miro Aaltonen.
11:24 of 2nd period - Shot Misses the Net.
11:26 of 2nd period - Slapshot by Josh Bailey.
11:26 of 2nd period - Stopped by Jason Missiaen with a rebound.
11:28 of 2nd period - Snap shot by Josh Bailey.
11:28 of 2nd period - Stopped by Jason Missiaen with a rebound.
11:30 of 2nd period - Slapshot by Collin Miller.
11:30 of 2nd period - Stopped by Jason Missiaen without a rebound.
11:31 of 2nd period - Miro Aaltonen wins face-off versus Cédric Lalonde-McNicoll in Remparts zone.
11:52 of 2nd period - Snap shot by Miro Aaltonen.
11:52 of 2nd period - Stopped by Jason Missiaen with a rebound.
11:54 of 2nd period - Slapshot by Zach Trotman.
11:54 of 2nd period - Shot Misses the Net.
12:08 of 2nd period - Slapshot by Josh Bailey.
12:08 of 2nd period - Stopped by Jason Missiaen without a rebound.
12:09 of 2nd period - Noel Acciari wins face-off versus Max Reinhart in Remparts zone.
12:10 of 2nd period - Wrist shot by Jonathan Huberdeau.
12:10 of 2nd period - Shot Misses the Net.
12:14 of 2nd period - Snap shot by Noel Acciari.
12:14 of 2nd period - Stopped by Jason Missiaen with a rebound.
12:16 of 2nd period - Slapshot by Pavel Buchnevich.
12:16 of 2nd period - Stopped by Jason Missiaen without a rebound.
12:17 of 2nd period - Noel Acciari wins face-off versus Max Reinhart in Remparts zone.
12:42 of 2nd period - Wrist shot by Daniel Paille.
12:42 of 2nd period - Shot Misses the Net.
12:44 of 2nd period - Slapshot by Griffin Reinhart.
12:44 of 2nd period - Shot Misses the Net.
12:46 of 2nd period - Slapshot by Michal Jordan.
12:46 of 2nd period - Deflect By Michael Raffl.
12:46 of 2nd period - Stopped by Ben Scrivens without a rebound.
12:47 of 2nd period - Noel Acciari wins face-off versus Cédric Lalonde-McNicoll in Knights zone.
12:49 of 2nd period - Icing by Pavel Buchnevich.
12:50 of 2nd period - Max Reinhart wins face-off versus Noel Acciari in Knights zone.
13:31 of 2nd period - Josh Bailey is hit by Brandon Mashinter and loses puck.
13:46 of 2nd period - Snap shot by Cédric Lalonde-McNicoll.
13:46 of 2nd period - Stopped by Ben Scrivens without a rebound.
13:47 of 2nd period - Cédric Lalonde-McNicoll wins face-off versus Linden Vey in Knights zone.
13:52 of 2nd period - Slapshot by Ryan Strome.
13:52 of 2nd period - Shot Blocked by Boone Jenner.
13:54 of 2nd period - Snap shot by Daniel Paille.
13:54 of 2nd period - Shot Misses the Net.
14:18 of 2nd period - Snap shot by Jaccob Slavin.
14:18 of 2nd period - Shot Blocked by Justin Williams.
14:20 of 2nd period - Snap shot by Pavel Buchnevich.
14:20 of 2nd period - Shot Misses the Net.
14:22 of 2nd period - Slapshot by Zach Trotman.
14:22 of 2nd period - Stopped by Jason Missiaen without a rebound.
14:23 of 2nd period - Max Reinhart wins face-off versus Miro Aaltonen in Remparts zone.
14:41 of 2nd period - Minor Penalty to Griffin Reinhart for Holding.
14:42 of 2nd period - Noel Acciari wins face-off versus Max Reinhart in Remparts zone.
14:44 of 2nd period - Snap shot by Pavel Buchnevich.
14:44 of 2nd period - Stopped by Jason Missiaen with a rebound.
14:46 of 2nd period - Slapshot by Zach Trotman.
14:46 of 2nd period - Stopped by Jason Missiaen with a rebound.
14:48 of 2nd period - Slapshot by Zach Trotman.
14:48 of 2nd period - Stopped by Jason Missiaen with a rebound.
14:50 of 2nd period - Slapshot by Zach Trotman.
14:50 of 2nd period - Deflect By Noel Acciari.
14:50 of 2nd period - Shot Misses the Net.
14:50 of 2nd period - Puck is out of play.
14:51 of 2nd period - Noel Acciari wins face-off versus Max Reinhart in Remparts zone.
14:56 of 2nd period - Snap shot by Jaccob Slavin.
14:56 of 2nd period - Stopped by Jason Missiaen without a rebound.
14:57 of 2nd period - Noel Acciari wins face-off versus Max Reinhart in Remparts zone.
15:00 of 2nd period - Backhand shot by Noel Acciari.
15:00 of 2nd period - Shot Blocked by Niklas Hansson.
15:02 of 2nd period - Snap shot by Pavel Buchnevich.
15:02 of 2nd period - Shot Misses the Net.
15:04 of 2nd period - Slapshot by Michael Raffl.
15:04 of 2nd period - Shot Blocked by Brandon Gormley.
15:08 of 2nd period - Snap shot by Pavel Buchnevich.
15:08 of 2nd period - Stopped by Jason Missiaen with a rebound.
15:10 of 2nd period - Snap shot by Michael Raffl.
15:10 of 2nd period - Shot Misses the Net.
15:12 of 2nd period - Slapshot by Jaccob Slavin.
15:12 of 2nd period - Shot Blocked by Daniel Paille.
16:01 of 2nd period - Niklas Hansson is hit by Josh Bailey and loses puck.
16:41 of 2nd period - Penalty to Griffin Reinhart is over, Griffin Reinhart is back on ice.
17:07 of 2nd period - Snap shot by Chris Mueller.
17:07 of 2nd period - Goal by Chris Mueller - Knights : 1 - Remparts : 4.
17:07 of 2nd period - Magnus Hellberg enters game.
17:08 of 2nd period - Boone Jenner wins face-off versus Brandon Mashinter in neutral zone.
17:34 of 2nd period - Niklas Hansson is hit by Jordan Martinook and loses puck.
17:47 of 2nd period - Guillaume Desbiens is hit by Jaccob Slavin.
17:58 of 2nd period - Minor Penalty to Niklas Hansson for Slashing.
17:59 of 2nd period - Max Reinhart wins face-off versus Noel Acciari in Remparts zone.
17:59 of 2nd period - Max Reinhart is hit by Pavel Buchnevich.
18:13 of 2nd period - Michal Jordan is hit by Noel Acciari and loses puck.
18:29 of 2nd period - Brandon Gormley is hit by Jonathan Huberdeau and loses puck.
19:08 of 2nd period - Snap shot by Noel Acciari.
19:08 of 2nd period - Stopped by Jason Missiaen with a rebound.
19:10 of 2nd period - Snap shot by Pavel Buchnevich.
19:10 of 2nd period - Stopped by Jason Missiaen without a rebound.
19:11 of 2nd period - Max Reinhart wins face-off versus Miro Aaltonen in Remparts zone.
19:58 of 2nd period - Penalty to Niklas Hansson is over, Niklas Hansson is back on ice.
Goals for this period are 1 for Knights vs 4 for Remparts.
Shots for this period are 24 for Knights vs 15 for Remparts.
3rd period
0:01 of 3rd period - Max Reinhart wins face-off versus Noel Acciari in neutral zone.
0:25 of 3rd period - Brandon Gormley is hit by Zach Trotman and loses puck.
0:46 of 3rd period - Wrist shot by Roberts Lipsbergs.
0:46 of 3rd period - Stopped by Magnus Hellberg without a rebound.
0:47 of 3rd period - Boone Jenner wins face-off versus Brandon Mashinter in Knights zone.
0:56 of 3rd period - Snap shot by Jaccob Slavin.
0:56 of 3rd period - Shot Misses the Net.
0:58 of 3rd period - Slapshot by Boone Jenner.
0:58 of 3rd period - Shot Blocked by Michal Jordan.
1:00 of 3rd period - Snap shot by Pavel Buchnevich.
1:00 of 3rd period - Stopped by Jason Missiaen with a rebound.
1:55 of 3rd period - Wrist shot by Miro Aaltonen.
1:55 of 3rd period - Shot Misses the Net.
2:06 of 3rd period - Niklas Hansson is hit by Miro Aaltonen and loses puck.
2:21 of 3rd period - Snap shot by Miro Aaltonen.
2:21 of 3rd period - Stopped by Jason Missiaen with a rebound.
2:29 of 3rd period - Wrist shot by Josh Bailey.
2:29 of 3rd period - Shot Misses the Net.
2:44 of 3rd period - Snap shot by Miro Aaltonen.
2:44 of 3rd period - Shot Misses the Net.
2:49 of 3rd period - Off-side.
2:50 of 3rd period - Jonathan Huberdeau wins face-off versus Max Reinhart in neutral zone.
2:55 of 3rd period - Erik Gustafsson is hit by Ludwig Bystrom and loses puck.
3:00 of 3rd period - Wrist shot by Jonathan Huberdeau.
3:00 of 3rd period - Shot Misses the Net.
3:02 of 3rd period - Snap shot by Jonathan Huberdeau.
3:02 of 3rd period - Stopped by Jason Missiaen with a rebound.
3:04 of 3rd period - Snap shot by Pavel Buchnevich.
3:04 of 3rd period - Stopped by Jason Missiaen with a rebound.
3:06 of 3rd period - Slapshot by Ludwig Bystrom.
3:06 of 3rd period - Shot Blocked by Pontus Aberg.
3:54 of 3rd period - Linden Vey is hit by Cédric Lalonde-McNicoll and loses puck.
4:01 of 3rd period - Ryan Strome is hit by Boone Jenner.
4:11 of 3rd period - Slapshot by Brandon Gormley.
4:11 of 3rd period - Stopped by Magnus Hellberg with a rebound.
5:02 of 3rd period - Nail Yakupov is hit by Jaccob Slavin and loses puck.
6:19 of 3rd period - Snap shot by Brandon Gormley.
6:19 of 3rd period - Deflect By Daniel Paille.
6:19 of 3rd period - Shot Misses the Net.
6:19 of 3rd period - Puck is out of play.
6:20 of 3rd period - Boone Jenner wins face-off versus Cédric Lalonde-McNicoll in Knights zone.
6:33 of 3rd period - Boone Jenner is hit by Pontus Aberg and loses puck.
6:42 of 3rd period - Wrist shot by Max Reinhart.
6:42 of 3rd period - Stopped by Magnus Hellberg with a rebound.
6:44 of 3rd period - Snap shot by Guillaume Desbiens.
6:44 of 3rd period - Stopped by Magnus Hellberg with a rebound.
6:56 of 3rd period - Snap shot by Daniel Paille.
6:56 of 3rd period - Stopped by Magnus Hellberg with a rebound.
6:58 of 3rd period - Slapshot by Cédric Lalonde-McNicoll.
6:58 of 3rd period - Shot Misses the Net.
7:00 of 3rd period - Slapshot by Keaton Thompson.
7:00 of 3rd period - Deflect By Jordan Martinook.
7:00 of 3rd period - Stopped by Magnus Hellberg with a rebound.
7:02 of 3rd period - Slapshot by Daniel Paille.
7:02 of 3rd period - Stopped by Magnus Hellberg with a rebound.
7:04 of 3rd period - Snap shot by Daniel Paille.
7:04 of 3rd period - Stopped by Magnus Hellberg without a rebound.
7:05 of 3rd period - Miro Aaltonen wins face-off versus Max Reinhart in Knights zone.
7:05 of 3rd period - Miro Aaltonen is hit by Max Reinhart.
7:15 of 3rd period - Snap shot by Michael Raffl.
7:15 of 3rd period - Shot Blocked by Pontus Aberg.
8:07 of 3rd period - Wrist shot by Chris Mueller.
8:07 of 3rd period - Stopped by Magnus Hellberg with a rebound.
8:41 of 3rd period - Snap shot by Daniel Paille.
8:41 of 3rd period - Shot Misses the Net.
8:43 of 3rd period - Wrist shot by Daniel Paille.
8:43 of 3rd period - Shot Blocked by Jordan Martinook.
8:45 of 3rd period - Wrist shot by Daniel Paille.
8:45 of 3rd period - Shot Misses the Net.
10:34 of 3rd period - Snap shot by Brandon Mashinter.
10:34 of 3rd period - Stopped by Magnus Hellberg with a rebound.
11:10 of 3rd period - Daniel Paille is hit by Boone Jenner and loses puck.
11:17 of 3rd period - Linden Vey is hit by Cédric Lalonde-McNicoll and loses puck.
11:34 of 3rd period - Michael Raffl is hit by Brandon Mashinter and loses puck.
12:29 of 3rd period - Michael Raffl is hit by Cédric Lalonde-McNicoll and loses puck.
12:40 of 3rd period - Snap shot by Daniel Paille.
12:40 of 3rd period - Stopped by Magnus Hellberg without a rebound.
12:41 of 3rd period - Max Reinhart wins face-off versus Noel Acciari in Knights zone.
13:21 of 3rd period - Miro Aaltonen is hit by Brandon Mashinter and loses puck.
13:34 of 3rd period - Snap shot by Michal Jordan.
13:34 of 3rd period - Stopped by Magnus Hellberg with a rebound.
13:40 of 3rd period - Michal Jordan is hit by Josh Bailey and loses puck.
14:05 of 3rd period - Snap shot by Miro Aaltonen.
14:05 of 3rd period - Stopped by Jason Missiaen without a rebound.
14:06 of 3rd period - Pavel Buchnevich wins face-off versus Max Reinhart in Remparts zone.
14:20 of 3rd period - Minor Penalty to Guillaume Desbiens for Hooking.
14:21 of 3rd period - Max Reinhart wins face-off versus Noel Acciari in Remparts zone.
14:25 of 3rd period - Niklas Hansson is hit by Noel Acciari and loses puck.
14:57 of 3rd period - Slapshot by Zach Trotman.
14:57 of 3rd period - Stopped by Jason Missiaen without a rebound.
14:58 of 3rd period - Miro Aaltonen wins face-off versus Cédric Lalonde-McNicoll in Remparts zone.
15:52 of 3rd period - Wrist shot by Cédric Lalonde-McNicoll.
15:52 of 3rd period - Shot Blocked by Miro Aaltonen.
15:56 of 3rd period - Snap shot by Cédric Lalonde-McNicoll.
15:56 of 3rd period - Stopped by Magnus Hellberg with a rebound.
16:05 of 3rd period - Off-side.
16:06 of 3rd period - Noel Acciari wins face-off versus Brandon Mashinter in neutral zone.
16:11 of 3rd period - Slapshot by Jaccob Slavin.
16:11 of 3rd period - Shot Misses the Net.
16:17 of 3rd period - Snap shot by Jordan Martinook.
16:17 of 3rd period - Stopped by Jason Missiaen with a rebound.
16:20 of 3rd period - Penalty to Guillaume Desbiens is over, Guillaume Desbiens is back on ice.
16:35 of 3rd period - Wrist shot by Daniel Paille.
16:35 of 3rd period - Stopped by Magnus Hellberg with a rebound.
16:37 of 3rd period - Wrist shot by Daniel Paille.
16:37 of 3rd period - Stopped by Magnus Hellberg without a rebound.
16:38 of 3rd period - Jonathan Huberdeau wins face-off versus Max Reinhart in Knights zone.
16:38 of 3rd period - Jonathan Huberdeau is hit by Pontus Aberg.
16:51 of 3rd period - Icing by Pavel Buchnevich.
16:52 of 3rd period - Noel Acciari wins face-off versus Max Reinhart in Knights zone.
16:59 of 3rd period - Snap shot by Jonathan Huberdeau.
16:59 of 3rd period - Stopped by Jason Missiaen without a rebound.
17:00 of 3rd period - Noel Acciari wins face-off versus Max Reinhart in Remparts zone.
17:05 of 3rd period - Snap shot by Jonathan Huberdeau.
17:05 of 3rd period - Stopped by Jason Missiaen without a rebound.
17:06 of 3rd period - Max Reinhart wins face-off versus Noel Acciari in Remparts zone.
17:06 of 3rd period - Max Reinhart is hit by Jonathan Huberdeau.
17:42 of 3rd period - Wrist shot by Noel Acciari.
17:42 of 3rd period - Stopped by Jason Missiaen without a rebound.
17:43 of 3rd period - Max Reinhart wins face-off versus Miro Aaltonen in Remparts zone.
17:48 of 3rd period - Wrist shot by Guillaume Desbiens.
17:48 of 3rd period - Shot Blocked by Jaccob Slavin.
17:50 of 3rd period - Wrist shot by Pontus Aberg.
17:50 of 3rd period - Deflect By Guillaume Desbiens.
17:50 of 3rd period - Stopped by Magnus Hellberg with a rebound.
17:52 of 3rd period - Snap shot by Pontus Aberg.
17:52 of 3rd period - Shot Misses the Net.
17:54 of 3rd period - Snap shot by Max Reinhart.
17:54 of 3rd period - Deflect By Guillaume Desbiens.
17:54 of 3rd period - Shot Misses the Net.
17:54 of 3rd period - Puck is out of play.
17:55 of 3rd period - Max Reinhart wins face-off versus Miro Aaltonen in Knights zone.
18:06 of 3rd period - Snap shot by Miro Aaltonen.
18:06 of 3rd period - Stopped by Jason Missiaen with a rebound.
18:22 of 3rd period - Jaccob Slavin is hit by Daniel Paille and loses puck.
19:17 of 3rd period - Ludwig Bystrom is hit by Chris Mueller.
19:25 of 3rd period - Wrist shot by Jordan Martinook.
19:25 of 3rd period - Stopped by Jason Missiaen with a rebound.
19:27 of 3rd period - Wrist shot by Nicklas Jensen.
19:27 of 3rd period - Stopped by Jason Missiaen without a rebound.
19:28 of 3rd period - Max Reinhart wins face-off versus Noel Acciari in Remparts zone.
19:36 of 3rd period - Off-side.
19:37 of 3rd period - Pavel Buchnevich wins face-off versus Max Reinhart in neutral zone.
Goals for this period are 0 for Knights vs 0 for Remparts.
Shots for this period are 13 for Knights vs 16 for Remparts.
Back to the Top